 Dungeon Crawl Stone Soup version 0.23-a0-141-g456867d (webtiles) character file.

65571 tsouns the Thaumaturge (level 14, -3/106 HPs)
             Began as a Mummy Fire Elementalist on Aug 31, 2018.
             Was an Initiate of Gozag.
             Slain by a rakshasa
             ... wielding a +0 long sword
              (16 damage)
             ... on level 2 of the Abyss.
             The game lasted 01:50:35 (24607 turns).

tsouns the Thaumaturge (Mummy Fire Elementalist)   Turns: 24607, Time: 01:50:38

Health: -3/106     AC: 11    Str: 12 (13) XL:     14   Next: 76%
Magic:  20/41      EV: 27    Int: 20      God:    Gozag
Gold:   4896       SH:  0    Dex: 13      Spells: 12/41 levels left

rFire    . . .     SeeInvis .   V - +9 quarterstaff of Forgiveness {crush, rElec Int+2 Dex-4 Stlth+}
rCold    + + +     Gourm    .   (shield currently unavailable)
rNeg     + + +     Faith    .   F - +2 leather armour {rC+}
rPois    ∞         Spirit   .   P - +2 helmet
rElec    +         Reflect  .   o - scarf {cloud immunity}
rCorr    +         Harm     .   (no gloves)
MR       +....                  s - +2 pair of boots
Stlth    +++++.....             l - amulet of magic regeneration
HPRegen  0.27/turn              a - ring of Phasing {EV+8}
MPRegen  0.52/turn              h - ring of magical power

@: agile, about to teleport, resistant, radiating poison, very slightly
contaminated, invisible
A: no food or potions, fire vulnerability, cold resistance 1, negative energy
resistance 3, torment resistance, unbreathing, in touch with death 1
a: Potion Petition, Call Merchant, Bribe Branch, Renounce Religion


You were on level 2 of the Abyss.
You worshipped Gozag.
Gozag was most pleased with you.
You were not hungry.

You visited 3 branches of the dungeon, and saw 19 of its levels.
You visited the Abyss 1 time.
You also visited: Sewer and Ossuary.

You collected 5613 gold pieces.
You paid 717 gold pieces to Gozag.

Inventory:

Hand Weapons
 b - a +0 eveningstar
 u - a +0 hand crossbow
 w - a cursed -3 blowgun
 L - a +3 flail of freezing
 V - the +9 quarterstaff of Forgiveness (weapon) {crush, rElec Int+2 Dex-4 Stlth+}
   (You found it on level 6 of the Lair of Beasts)

   It inflicts extra damage upon your enemies.
   It affects your intelligence (+2).
   It affects your dexterity (-4).
   It insulates you from electricity.
   It makes you more stealthy.
Missiles
 d - 589 stones (quivered)
 m - 507 arrows
 q - 5 curare-tipped needles
 r - 172 bolts
 D - 6 throwing nets
 I - 21 tomahawks
 N - 4 poisoned javelins
Armour
 g - a +0 buckler
 o - a scarf of cloud immunity (worn)
 s - a +2 pair of boots (worn)
 F - a +2 leather armour of cold resistance (worn)
 P - a +2 helmet (worn)
Jewellery
 a - the ring of Phasing (left hand) {EV+8}
   (You took it off an orc wizard on level 10 of the Dungeon)

   [ring of evasion]

   It affects your evasion (+8).
 h - a ring of magical power (right hand)
 j - an uncursed ring of see invisible
 l - an amulet of magic regeneration (around neck)
Wands
 e - a wand of scattershot (4)
 k - a wand of iceblast (20)
 n - a wand of flame (77)
 z - a wand of polymorph (39)
 G - a wand of disintegration (23)
 K - a wand of random effects (11)
 Q - a wand of enslavement (11)
Scrolls
 f - 11 scrolls of remove curse
 i - 11 scrolls of teleportation
 p - 6 scrolls of magic mapping
 t - a scroll of fear
 v - 3 scrolls of enchant weapon
 y - a scroll of immolation
 A - 5 scrolls of amnesia
 B - a scroll of holy word
 C - 4 scrolls of identify
 E - 4 scrolls of fog
 H - a scroll of vulnerability
 M - a scroll of blinking
 R - a scroll of silence
Miscellaneous
 c - a box of beasts
 J - a lightning rod (4/4)


   Skills:
 - Level 8.6 Fighting
 - Level 3.2 Maces & Flails
 - Level 3.8 Armour
 - Level 5.0 Dodging
 + Level 7.8 Stealth
 - Level 4.1 Shields
 - Level 14.3 Spellcasting
 - Level 8.0 Conjurations
 - Level 9.7 Necromancy
 - Level 8.5 Fire Magic
 - Level 1.1 Air Magic
 - Level 3.9 Earth Magic
 - Level 3.9 Poison Magic


You had 12 spell levels left.
You knew the following spells:

 Your Spells              Type           Power        Failure   Level  Hunger
a - Flame Tongue          Conj/Fire      #####        1%          1    N/A
b - Throw Flame           Conj/Fire      #####.       1%          2    N/A
c - Conjure Flame         Conj/Fire      #####...     1%          3    N/A
d - Sticky Flame          Conj/Fire      #####...     1%          4    N/A
e - Fireball              Conj/Fire      #####.....   5%          5    N/A
f - Poisonous Vapours     Pois/Air       ###...       3%          2    N/A
g - Mephitic Cloud        Conj/Pois/Air  ####....     2%          3    N/A
h - Olgreb's Toxic Radia  Pois           ####....     11%         4    N/A
i - Borgnjor's Vile Clut  Necr/Erth      ######....   10%         5    N/A

Your spell library contained the following spells:

 Spells                   Type           Power        Failure   Level  Hunger
 Animate Skeleton         Necr           N/A          1%          1    N/A
 Shock                    Conj/Air       ####         1%          1    N/A
 Sting                    Conj/Pois      ####         1%          1    N/A
 Corpse Rot               Necr           N/A          1%          2    N/A
 Static Discharge         Conj/Air       ####....     2%          3    N/A
 Inner Flame              Hex/Fire       ####....     3%          3    N/A
 Corona                   Hex            ##.....      6%          1    N/A
 Swiftness                Chrm/Air       ###.....     7%          2    N/A
 Ensorcelled Hibernation  Hex/Ice        ##....       9%          2    N/A
 Slow                     Hex            ##......     9%          2    N/A
 Venom Bolt               Conj/Pois      #####.....   13%         5    N/A
 Portal Projectile        Hex/Tloc       ##....       17%         3    N/A
 Lightning Bolt           Conj/Air       ####......   24%         5    N/A
 Leda's Liquefaction      Hex/Erth       ###.......   26%         4    N/A
 Airstrike                Air            ###.......   34%         4    N/A
 Cause Fear               Hex            ##........   50%         4    N/A
 Silence                  Hex/Air        ###.......   77%         5    N/A
 Darkness                 Hex            ##........   100%        6    N/A
 Shadow Creatures         Summ           N/A          100%        6    N/A
 Sublimation of Blood     Necr           Unusable     N/A         2    N/A
 Regeneration             Chrm/Necr      Unusable     N/A         3    N/A

Dungeon Overview and Level Annotations

Branches:
Dungeon (12/15)            Temple (1/1) D:4            Lair (6/6) D:10
  Swamp (0/4) Lair:2       Spider (0/4) Lair:4        Slime (0/5) Lair:5
    Orc (0/2) D:12

Altars:
Ashenzari
Cheibriados
Dithmenos
Elyvilon
Fedhas
Gozag
Hepliaklqana
Kikubaaqudgha
Makhleb
Nemelex Xobeh
Okawaru
Qazlal
Ru
Sif Muna
Trog
Uskayaw
Vehumet
Wu Jian
Xom
Yredelemnul
Zin
The Shining One
Jiyva

Annotations:
Lair:1 3 runed doors, ximxim's ghost, journeyman DsMo
Lair:3 exclusion: 2 oklob plants


Innate Abilities, Weirdness & Mutations

You do not eat or drink.
Your flesh is vulnerable to fire.
You are immune to poison.
Your flesh is cold resistant. (rC+)
You are immune to negative energy. (rN+++)
You are immune to unholy pain and torment.
You can survive without breathing.
You are in touch with the powers of death.


Message History

The rakshasa misses you. The raiju bites you but does no damage.
You hear a bark!
Unknown command.
Casting: Olgreb's Toxic Radiance (safe; 11% risk of failure)
Confirm with . or Enter, or press ? or * to list all spells.
Aiming: Borgnjor's Vile Clutch (slightly dangerous; 10% risk of failure)
Press: ? - help, Dir - move target cursor, f - you, p - raiju You feel a surge of power!
Decaying hands burst forth from the earth!
Zombie hands grab the raiju.
Zombie hands grab the rakshasa.
Zombie hands grab the raiju.
Zombie hands grab the rakshasa.
The orange demon looks even sicker.
The zombie hands constrict the raiju. x2
The zombie hands constrict the rakshasa. x2
The raiju burns!
The raiju closely misses you.
The rakshasa hits you with a long sword!
* * * LOW HITPOINT WARNING * * *
The raiju closely misses you.
The rakshasa hits you with a long sword!
You die...
Your body crumbles into a pile of gold.

.. ..# . #.###
##.4#.*.. #
.....#..#####.#
....#.##...... ..
...#.hh§### #§ ##.
##..#@#..##... # ####
#.RR#. ..X#.
##....#.###..3........
#.# #.##.#_...X.. ....
#.###... ##...... ....
. ####.##...#... . . #
#.### ## ...###...##
## # # ##...# .... #
.. ## #.... ....


You could see a wretched star, 2 rakshasas, a large abomination (wandering), a
smoke demon and 2 raiju.

Vanquished Creatures
  Gastronok (Lair:2)
  Josephine (D:11)
  Snorg (D:12)
  Harold (D:11)
  8 hydras
  Erica (D:10)
  4 two-headed ogres
  3 death yaks (Lair:5)
  Nergalle (D:12)
  Urug (Lair:2)
  Pikel (D:6)
  A manticore (D:10)
  2 large abominations (Abyss:2)
  2 cyclopes
  Joseph (D:8)
  5 elephants
  A black mamba (Lair:5)
  24 spiny frogs
  A torpor snail (Lair:1)
  3 rime drakes
  9 komodo dragons
  A freezing wraith (D:12)
  A hydra zombie (Abyss:2)
  3 trolls
  A polar bear (Lair:5)
  A merfolk (D:10)
  Grinder (D:5)
  4 tyrant leeches (Lair:6)
  4 raiju (Abyss:2)
  26 blink frogs
  5 hippogriffs
  A small abomination (Abyss:2)
  6 wraiths
  44 yaks
  Sigmund (D:2)
  6 wyverns
  3 basilisks
  A steam dragon (D:10)
  3 hungry ghosts
  6 vampire mosquitoes
  Menkaure (D:4)
  21 water moccasins
  A two-headed ogre zombie (D:12)
  3 porcupines
  6 ice beasts
  A soldier ant (D:11)
  5 orc warriors
  2 phantoms
  3 sky beasts
  14 black bears
  6 ogres
  4 wolves (Lair:4)
  12 centaurs
  8 crocodiles
  6 big kobolds
  26 bullfrogs
  2 gnoll sergeants (D:10)
  3 scorpions
  2 troll zombies (D:12)
  62 killer bees
  16 wights
  6 electric eels
  A howler monkey (D:6)
  3 crimson imps
  5 bullfrog zombies
  A quasit (D:11)
  9 jellies
  5 hounds
  8 orc priests
  2 gnoll shamans (D:10)
  2 centaur skeletons
  Jessica (D:2)
  12 orc wizards
  4 iguanas
  A hell rat (Lair:6)
  10 worker ants
  5 ogre zombies (D:12)
  A mummy (D:6)
  A worker ant zombie (D:7)
  Robin (D:3)
  2 gnolls (D:10)
  13 adders
  10 river rats (Lair:6)
  2 shadow imps (D:5)
  A white imp (Abyss:2)
  6 oozes
  2 adder zombies
  2 adder skeletons
  A worm (D:2)
  5 leopard geckos
  29 orcs
  9 bats
  10 giant cockroaches
  11 goblins
  9 hobgoblins
  2 jackals (D:7)
  25 kobolds
  3 quokkas
  7 ball pythons
  A ball python skeleton (Ossuary)
  9 frilled lizards
  2 goblin skeletons (D:12)
  3 hobgoblin skeletons
  8 hobgoblin zombies
  A kobold zombie (Ossuary)
  A leopard gecko skeleton (D:8)
  An orc skeleton (D:12)
  17 orc zombies
  A quokka skeleton (D:9)
  15 rats
  A plant (Lair:2)
681 creatures vanquished.

Vanquished Creatures (others)
  9 fungi
  38 plants
47 creatures vanquished.

Grand Total: 728 creatures vanquished

Notes
Turn   | Place    | Note
-------+----------+-------------------------------------------
     0 | D:1      | tsouns the Mummy Fire Elementalist began the quest for the
                  | Orb.
     0 | D:1      | Reached XP level 1. HP: 13/13 MP: 4/4
    83 | D:1      | Reached skill level 1 in Conjurations
   138 | D:1      | Reached skill level 3 in Spellcasting
   280 | D:1      | Reached XP level 2. HP: 19/19 MP: 3/6
  1143 | D:1      | Reached XP level 3. HP: 23/24 MP: 7/7
  1262 | D:2      | Reached XP level 4. HP: 3/30 MP: 6/9
  1312 | D:1      | Learned a level 2 spell: Throw Flame
  1316 | D:1      | Learned a level 3 spell: Conjure Flame
  1321 | D:1      | Learned a level 4 spell: Sticky Flame
  1583 | D:2      | Noticed Sigmund
  1841 | D:2      | Noticed Jessica
  1845 | D:2      | Killed Jessica
  1845 | D:2      | Reached skill level 4 in Spellcasting
  2369 | D:2      | Killed Sigmund
  2369 | D:2      | Reached XP level 5. HP: 17/35 MP: 11/11
  2369 | D:2      | Reached XP level 6. HP: 20/41 MP: 12/12
  2823 | D:3      | Found a snail-covered altar of Cheibriados.
  3186 | D:3      | Noticed Robin
  3189 | D:3      | Killed Robin
  3437 | D:3      | Found a deep blue altar of Sif Muna.
  3644 | D:3      | Reached skill level 5 in Spellcasting
  3763 | D:3      | Learned a level 5 spell: Fireball
  3898 | D:3      | Reached XP level 7. HP: 29/46 MP: 7/14
  4250 | D:4      | Found a glowing drain.
  4256 | D:4      | Noticed Menkaure
  4259 | D:4      | Killed Menkaure
  4298 | Sewer    | Entered a sewer
  4587 | Sewer    | Reached skill level 1 in Shields
  4759 | Sewer    | Reached skill level 5 in Fire Magic
  5009 | D:4      | Found a staircase to the Ecumenical Temple.
  5016 | D:4      | Reached XP level 8. HP: 52/52 MP: 7/16
  5035 | Temple   | Entered the Ecumenical Temple
  5509 | D:5      | Entered Level 5 of the Dungeon
  5597 | D:5      | Noticed Grinder
  5613 | D:5      | Killed Grinder
  5613 | D:5      | Reached skill level 6 in Spellcasting
  5712 | D:5      | Reached skill level 5 in Conjurations
  5902 | D:5      | Learned a level 2 spell: Poisonous Vapours
  5987 | D:5      | Noticed a two-headed ogre
  5995 | D:5      | Killed a two-headed ogre
  5995 | D:5      | Reached XP level 9. HP: 41/57 MP: 19/19
  6241 | D:5      | Found an opulent altar of Gozag.
  6241 | D:5      | Found a shadowy altar of Dithmenos.
  6246 | D:5      | Found a burning altar of Makhleb.
  6248 | D:5      | Found a shattered altar of Ashenzari.
  6249 | D:5      | Found a stormy altar of Qazlal.
  6257 | D:5      | Became a worshipper of Gozag Ym Sagoz the Greedy
  6504 | D:6      | Reached skill level 7 in Spellcasting
  6617 | D:6      | Found a sand-covered staircase.
  6631 | Ossuary  | Entered an ossuary
  7931 | D:6      | Noticed Pikel
  7958 | D:6      | Reached XP level 10. HP: 52/63 MP: 3/21
  7971 | D:6      | Killed Pikel
  7971 | D:6      | Reached skill level 8 in Spellcasting
  8530 | D:7      | Found a glowing golden altar of the Shining One.
  8532 | D:7      | Noticed an angel
  8546 | D:7      | Found a basalt altar of Yredelemnul.
  9135 | D:7      | Learned a level 3 spell: Mephitic Cloud
  9140 | D:7      | Learned a level 4 spell: Olgreb's Toxic Radiance
  9275 | D:8      | Found a sacrificial altar of Ru.
  9310 | D:8      | Noticed Joseph
  9326 | D:8      | Killed Joseph
  9326 | D:8      | Reached skill level 1 in Fighting
  9326 | D:8      | Reached skill level 1 in Poison Magic
  9565 | D:8      | Reached skill level 1 in Air Magic
 10087 | D:8      | Found a shimmering altar of Xom.
 10845 | D:9      | Found an ornate altar of the Wu Jian Council.
 11020 | D:9      | Found a radiant altar of Vehumet.
 11020 | D:9      | Noticed a two-headed ogre
 11038 | D:9      | Killed a two-headed ogre
 11124 | D:9      | Noticed a two-headed ogre
 11134 | D:9      | Killed a two-headed ogre
 11134 | D:9      | Reached skill level 9 in Spellcasting
 11134 | D:9      | Reached XP level 11. HP: 60/74 MP: 24/24
 11504 | D:9      | Identified the Collected Works on Dark Rites
 11750 | D:9      | Learned a level 1 spell: Animate Skeleton
 11753 | D:9      | Learned a level 2 spell: Corpse Rot
 11754 | D:10     | Entered Level 10 of the Dungeon
 11948 | D:10     | Reached skill level 1 in Necromancy
 12462 | D:10     | Noticed Erica
 12472 | D:10     | Killed Erica
 13212 | D:10     | Reached skill level 10 in Spellcasting
 13325 | D:10     | Found a basalt altar of Yredelemnul.
 13328 | D:10     | Found a staircase to the Lair.
 13843 | D:10     | Reached skill level 5 in Fighting
 13854 | D:10     | Reached skill level 5 in Stealth
 14288 | D:11     | Reached XP level 12. HP: 54/86 MP: 12/26
 14492 | D:11     | Noticed a seven-headed hydra
 14509 | D:11     | Killed a seven-headed hydra
 14673 | D:11     | Noticed Harold
 14684 | D:11     | Killed Harold
 15082 | D:12     | Noticed Josephine
 15085 | D:12     | Reached skill level 1 in Armour
 15092 | D:11     | Killed Josephine
 15192 | D:12     | Noticed Snorg
 15202 | D:12     | Killed Snorg
 15202 | D:12     | Reached skill level 11 in Spellcasting
 15210 | D:12     | Noticed Nergalle
 15257 | D:12     | Killed Nergalle
 15368 | Lair:1   | Entered Level 1 of the Lair of Beasts
 15368 | Lair:1   | Found a runed gate.
 15368 | Lair:1   | Found a runed gate.
 15369 | Lair:1   | Found a runed gate.
 15372 | Lair:1   | Noticed ximxim's ghost (journeyman DsMo)
 15445 | Lair:1   | Noticed a five-headed hydra
 15458 | Lair:1   | Killed a five-headed hydra
 15508 | Lair:1   | Identified the +5 scale mail of a treasure trove {rN+ MR+
                  | Str-3 Dex+4} (You found it on level 1 of the Lair of
                  | Beasts)
 15774 | Lair:1   | Noticed an eight-headed hydra
 15830 | Lair:1   | Killed an eight-headed hydra
 16699 | Lair:2   | Gained mutation: You are in touch with the powers of death.
                  | [Mummy growth]
 16699 | Lair:2   | Reached XP level 13. HP: 77/96 MP: 20/28
 16833 | Lair:2   | Noticed Gastronok
 16866 | Lair:2   | Killed Gastronok
 16873 | Lair:2   | Reached skill level 5 in Dodging
 17026 | Lair:2   | Noticed Urug
 17032 | Lair:2   | Killed Urug
 17145 | Lair:2   | Found a staircase to the Swamp.
 17519 | Lair:3   | Reached skill level 12 in Spellcasting
 17656 | Lair:3   | Reached skill level 1 in Maces & Flails
 18272 | Lair:4   | Found a hole to the Spider Nest.
 19431 | Lair:5   | Learned a level 5 spell: Borgnjor's Vile Clutch
 19519 | Lair:5   | Found a staircase to the Slime Pits.
 19838 | Lair:6   | Entered Level 6 of the Lair of Beasts
 19910 | Lair:6   | Reached skill level 1 in Earth Magic
 20394 | Lair:5   | Reached skill level 5 in Necromancy
 20877 | Lair:5   | Reached XP level 14. HP: 87/106 MP: 8/30
 22542 | Lair:6   | Reached skill level 13 in Spellcasting
 22645 | Lair:6   | Got a fine steel amulet
 22652 | Lair:6   | Got a fine morningstar
 22656 | Lair:6   | Got a warped quarterstaff
 22665 | Lair:6   | Identified the amulet of Balance {+Rage rPois} (You found
                  | it on level 6 of the Lair of Beasts)
 22667 | Lair:6   | Identified the +1 morningstar of Ru's Approval {holy, +Rage
                  | Dex+3} (You found it on level 6 of the Lair of Beasts)
 22669 | Lair:6   | Identified the +9 quarterstaff of Forgiveness {crush, rElec
                  | Int+2 Dex-4 Stlth+} (You found it on level 6 of the Lair of
                  | Beasts)
 22914 | D:12     | Found a staircase to the Orcish Mines.
 23595 | D:12     | Reached skill level 14 in Spellcasting
 23926 | D:12     | Cast into level 2 of the Abyss (hell knight)
 24588 | Abyss:2  | Found a sacrificial altar of Ru.
 24607 | Abyss:2  | Slain by a rakshasa

Vault maps used:
D:1:      saegor_arrival_miasma, minmay_pentomino_s4
D:2:      first_ration, feat_on_display, uniq_jessica, uniq_sigmund
D:3:      led_sif_book, cheibriados_altar_1, uniq_robin
D:4:      temple_doors_e, portal_sewer_entry_a, uniq_menkaure
D:5:      chequers_temple_overflow_minitemple, serial_bayou_lake_a, uniq_grinder
D:6:      gup_ossuary_entry_pyramid, uniq_pikel
D:7:      grunt_temple_overflow_holy_war
D:8:      lemuel_crystal_altar, lemuel_crystal_altar,
          hangedman_little_slice_of_home, kennysheep_generic_room_8, uniq_joseph
D:9:      lemuel_crystal_altar, lemuel_crystal_altar
D:10:     kennysheep_town, uniq_erica
D:11:     uniq_harold
D:12:     zombieorc2_lemuel, minmay_rotating_lava, uniq_snorg, uniq_josephine,
          uniq_nergalle
Temple:   pf_slime_end_temple
Lair:1:   gammafunk_ghost_split, eino_small_chamber_without_monster,
          serial_bayou_shore_b
Lair:2:   wad_woods_minihive, swamp_mist, grunt_forest_stairs_basic,
          uniq_fannar, uniq_gastronok, uniq_urug
Lair:3:   minmay_lair_oklob_chamber, lemuel_fruit_tree,
          infiniplex_staircase_pool_2
Lair:4:   dummy_spider_entry
Lair:5:   slime_dummy
Lair:6:   minmay_lair_end_frog_pond, kennysheep_rathole
Abyss:2:  minivault_27, minivault_4
Sewer:    kennysheep_pipe_town
Ossuary:  ossuary_due_cavern

Skill      XL: |  1  2  3  4  5  6  7  8  9 10 11 12 13 14 |
---------------+-------------------------------------------+-----
Conjurations   | 1 3 4 5 7 8 |  8.0
Spellcasting   | 3 4 5 6 7 9 10 11 12 14 | 14.3
Fire Magic     | 3 4 5 6 7 8 |  8.5
Shields        | 1 2 3 4 |  4.1
Fighting       | 2 5 7 8 |  8.6
Stealth        | 3 5 6 7 |  7.8
Poison Magic   | 2 3 |  3.9
Air Magic      | 1 |  1.1
Necromancy     | 3 6 9 |  9.7
Dodging        | 2 4 5 |  5.0
Armour         | 3 |  3.8
Maces & Flails | 3 |  3.2
Earth Magic    | 3 |  3.9

Action                   |  1- 3 |  4- 6 |  7- 9 | 10-12 | 13-15 || total
-------------------------+-------+-------+-------+-------+-------++-------
Melee: Club              |    24 |       |       |       |       ||    24
       Dagger            |       |       |    46 |     4 |       ||    50
       Flail             |       |       |       |    61 |   117 ||   178
       Quarterstaff      |       |       |       |       |    64 ||    64
Throw: Stone             |     4 |       |     3 |       |       ||     7
 Cast: Flame Tongue      |    59 |    67 |    95 |   170 |   141 ||   532
       Sticky Flame      |       |     7 |    34 |   100 |   182 ||   323
       Throw Flame       |       |    45 |    90 |   257 |   219 ||   611
       Fireball          |       |       |     7 |    59 |    67 ||   133
       Poisonous Vapours |       |       |    16 |    32 |    12 ||    60
       Conjure Flame     |       |       |     1 |     5 |     6 ||    12
       Olgreb's Toxic Ra |       |       |       |    12 |    28 ||    40
       Borgnjor's Vile C |       |       |       |       |     4 ||     4
       Mephitic Cloud    |       |       |       |       |     1 ||     1
Invok: Potion Petition   |       |       |       |       |     2 ||     2
Evoke: Wand              |       |       |     1 |     2 |       ||     3
  Use: Scroll            |     3 |     4 |     8 |     6 |    11 ||    32
 Stab: Distracted        |       |       |       |       |     4 ||     4
Armor: Robe              |    14 |     4 |    17 |     3 |       ||    38
       Leather armour    |       |       |       |    35 |    89 ||   124
Dodge: Dodged            |    66 |    22 |    66 |   166 |   487 ||   807
Block: Buckler           |       |       |    18 |    52 |    79 ||   149

Table legend:
 A = Non-vault XP
 B = Vault XP
 C = Vault XP percentage of total XP
 D = Non-vault monster count
 E = Vault monster count
 F = Vault count percentage of total count
                 A         B        C        D         E       F
            +---------+---------+-------+---------+---------+-------
      Total |   59645 |   34028 |  36.3 |     413 |     267 |  39.3
            +---------+---------+-------+---------+---------+-------
        D:1 |      45 |       3 |   6.2 |      29 |       2 |   6.5
        D:2 |     110 |     252 |  69.6 |      25 |       3 |  10.7
        D:3 |     255 |     112 |  30.5 |      19 |       9 |  32.1
        D:4 |     208 |     175 |  45.7 |      10 |       6 |  37.5
        D:5 |    1388 |     286 |  17.1 |      16 |       1 |   5.9
        D:6 |    2084 |     635 |  23.4 |      25 |       2 |   7.4
        D:7 |     736 |       0 |   0.0 |      16 |       0 |   0.0
        D:8 |    1417 |     632 |  30.8 |      29 |       9 |  23.7
        D:9 |    2496 |       0 |   0.0 |      11 |       0 |   0.0
       D:10 |    3112 |    5995 |  65.8 |      39 |      42 |  51.9
       D:11 |    3041 |    2317 |  43.2 |      25 |       3 |  10.7
       D:12 |    6393 |    3348 |  34.4 |      30 |      40 |  57.1
     Lair:1 |    5332 |      61 |   1.1 |      18 |       1 |   5.3
     Lair:2 |    2795 |    5807 |  67.5 |      12 |      49 |  80.3
     Lair:3 |    2648 |       0 |   0.0 |      15 |       0 |   0.0
     Lair:4 |    4082 |       0 |   0.0 |      20 |       0 |   0.0
     Lair:5 |   11670 |    3426 |  22.7 |      35 |      13 |  27.1
     Lair:6 |    8705 |   10062 |  53.6 |      27 |      49 |  64.5
    Abyss:2 |    3128 |       0 |   0.0 |      12 |       0 |   0.0
      Sewer |       0 |     328 | 100.0 |       0 |      24 | 100.0
    Ossuary |       0 |     589 | 100.0 |       0 |      14 | 100.0
            +---------+---------+-------+---------+---------+-------
